 Dungeon Crawl Stone Soup version 0.29.1-12-g30fa7ad0bf (webtiles) character file.

Game seed: 1480096788416065514

25 Rrauwl the Trooper (level 2, 0/27 HPs)
             Began as a Minotaur Fighter on Dec 17, 2022.
             Was a Follower of Vehumet.
             Slain by Terence
             ... wielding a +0 mace
              (4 damage)
             ... on level 2 of the Dungeon.
             The game lasted 00:04:30 (876 turns).

Rrauwl the Trooper (Minotaur Fighter)                Turns: 876, Time: 00:04:31

Health: 0/27       AC:  3    Str: 20    XL:     2   Next: 82%
Magic:  1/1        EV: 10    Int:  5    God:    Vehumet [*.....]
Gold:   53         SH:  4    Dex:  9    Spells: 1/1 levels left

rFire   . . .      SeeInvis .   a - +0 war axe
rCold   . . .      Faith    .   c - +0 buckler
rNeg    . . .      Spirit   .   f - +0 leather armour
rPois   .          Reflect  .   (helmet restricted)
rElec   .          Harm     .   (no cloak)
rCorr   .          Rampage  .   (no gloves)
Will    .....                   (no boots)
Stlth   +.........              (no amulet)
HPRegen 0.09/turn               (no ring)
MPRegen 0.07/turn               (no ring)

@: no status effects
A: horns 2, retaliatory headbutt
a: Renounce Religion


You were on level 2 of the Dungeon.
You worshipped Vehumet.
Vehumet was aware of your devotion.
You visited 1 branch of the dungeon, and saw 2 of its levels.

You collected 53 gold pieces.

Inventory:

Hand Weapons
 a - a +0 war axe (weapon)
 g - a +0 whip
Armour
 c - a +0 buckler (worn)
 f - a +0 leather armour (worn)
Scrolls
 b - a scroll of fog {unknown}
 e - 2 scrolls of amnesia {unknown}
 h - a scroll of silence {unknown}
Potions
 d - 2 potions of might


   Skills:
 + Level 4.3 Fighting
 + Level 2.4 Axes
 + Level 3.9 Armour
 + Level 0.2 Dodging
 + Level 4.0 Shields


You had one spell level left.
You didn't know any spells.
Your spell library was empty.

Dungeon Overview and Level Annotations

Branches:
Dungeon (2/15)

Altars:
Vehumet

Annotations:
D:2 Terence


Innate Abilities, Weirdness & Mutations

You have a pair of horns on your head.
You reflexively headbutt those who attack you in melee.


Message History

Terence the Incautious comes into view.
He is wielding a +0 mace.
Found 13 gold pieces.
Terence moves out of view.
A quokka comes into view.
Terence bares his teeth.
Terence misses you.
You slash Terence!
Terence is heavily wounded.
Terence barely misses you. You furiously retaliate!
You headbutt Terence, but do no damage. You barely miss Terence.
Terence is heavily wounded.
You block Terence's attack.
You closely miss Terence.
Terence is heavily wounded.
Terence hits you with a +0 mace! Terence hits you with a +0 mace.
You are too injured to fight recklessly!
You hit Terence.
Terence is severely wounded.
You miss the quokka. The quokka bites you.
* * * LOW HITPOINT WARNING * * *
You block Terence's attack. The quokka closely misses you.
You barely miss Terence.
Terence is severely wounded.
You barely miss the quokka. You block Terence's attack. The quokka bites you.
* * * LOW HITPOINT WARNING * * *
Terence barely misses you. You furiously retaliate!
You headbutt Terence, but do no damage.
The quokka twitches its whiskers.
The quokka bites you.
* * * LOW HITPOINT WARNING * * *
Okay, then.
You hit Terence. Your headbutt misses Terence.
Terence is almost dead.
You closely miss the quokka. The quokka barely misses you.
Terence barely misses you.
You closely miss Terence.
Terence is almost dead.
You hit the quokka. The quokka closely misses you.
Terence hits you with a +0 mace.
You die...

..... ....# ......
....+ ......##+....##.
.................
...........$.....
##................
........r.@......#+#
....?.#..@##.....#.#
......#...#........####
..........#...........#
...#......#...........#
#......#...........#
+>...#.#.....<.....#
#....#.######......#
#..................#
#....########......#


You could see Terence and a quokka.

Vanquished Creatures
  A dart slug (D:1)
  5 endoplasms (D:1)
  4 goblins (D:1)
  A hobgoblin (D:1)
  3 quokkas (D:1)
  2 ball pythons (D:1)
  A bat (D:1)
  2 kobolds (D:1)
  A rat (D:1)
20 creatures vanquished.

Notes
Turn   | Place    | Note
-------+----------+-------------------------------------------
     0 | D:1      | Rrauwl the Minotaur Fighter began the quest for the Orb.
     0 | D:1      | Reached XP level 1. HP: 19/19 MP: 0/0
   206 | D:1      | Reached XP level 2. HP: 27/27 MP: 1/1
   234 | D:1      | Found a faded altar of an unknown god.
   244 | D:1      | Prayed at the altar of an unknown god.
   244 | D:1      | Became a worshipper of Vehumet
   244 | D:1      | Reached * piety under Vehumet
   244 | D:1      | Offered knowledge of Magic Dart by Vehumet.
   866 | D:2      | Noticed Terence
   876 | D:2      | Slain by Terence

Illustrated notes

Levels and vault maps discovered:
D:1:      dpeg_arrival_arbitrary_a, layout_basic,
          dreamdust_ecumenical_altar_angels_and_demons, st_stairs_7
D:2:      layout_basic, uniq_terence

Skill      XL: |  1  2 |
---------------+-------+-----
Fighting       | 4 |  4.3
Shields        | 4 |  4.0
Axes           | |  2.4
Armour         | |  3.9
Dodging        | |  0.2

Action                   || total
-------------------------++-------
Melee: War axe           ||    40
       Headbutt          ||     4
  Use: Potion            ||     2
Armor: Scale mail        ||     6
       Leather armour    ||     5
Dodge: Dodged            ||    21
Block: Buckler           ||     6
